 Dungeon Crawl Stone Soup version 0.27.1-33-g824d729ab1 (webtiles) character file.

Game seed: 13735477427239235649

15748 KamiKatze the Cleaver (level 12, -11/77 HPs)
             Began as a Gargoyle Berserker on Dec 27, 2021.
             Was a High Priest of Trog.
             Killed by an exploding vampire mosquito (31 damage)
             ... ignited by their inner flame
             ... on level 11 of the Dungeon.
             The game lasted 00:56:38 (14737 turns).

KamiKatze the Cleaver (Gargoyle Berserker)         Turns: 14737, Time: 00:56:39

Health: -11/77     AC: 24    Str: 25    XL:     12   Next: 30%
Magic:  12/12      EV: 14    Int:  9    God:    Trog [*****.]
Gold:   744        SH:  0    Dex: 15    Spells: 11/11 levels left

rFire    . . .     SeeInvis .   a - +0 war axe
rCold    . . .     Faith    .   (no shield)
rNeg     + + .     Spirit   .   X - +3 ring mail
rPois    ∞         Reflect  .   t - +0 helmet
rElec    +         Harm     .   x - +0 cloak
rCorr    .         Rampage  .   V - +0 pair of gloves
Will     .....                  N - +0 pair of boots
Stlth    +.........             (no amulet)
HPRegen  0.22/turn              y - ring of positive energy
MPRegen  0.13/turn              S - +6 ring of dexterity

@: marked
A: sickness immunity, AC +8, negative energy resistance 1, electricity
resistance, torment resistance 1, petrification resistance
a: Renounce Religion, Berserk, Trog's Hand, Brothers in Arms


You were on level 11 of the Dungeon.
You worshipped Trog.
Trog was extremely pleased with you.
You visited 2 branches of the dungeon, and saw 12 of its levels.

You collected 744 gold pieces.

Inventory:

Hand Weapons
 a - a +0 war axe (weapon)
 b - a +0 hand axe
 p - a +0 mace of venom
 u - a +0 whip of electrocution
 w - a +0 morningstar of freezing
 O - a +3 battleaxe
Missiles
 k - 194 stones
 C - 2 throwing nets
 K - 30 poisoned darts (quivered)
 T - 2 curare-tipped darts
Armour
 t - a +0 helmet (worn)
 x - a +0 cloak (worn)
 N - a +0 pair of boots (worn)
 R - a +0 kite shield
 V - a +0 pair of gloves (worn)
 X - a +3 ring mail (worn)
 Y - a +0 plate armour
 Z - +0 acid dragon scales
Jewellery
 y - a ring of positive energy (left hand)
 L - a ring of ice
 S - a +6 ring of dexterity (right hand)
 U - a ring of protection from fire
Wands
 d - a wand of digging (6)
 l - a wand of mindburst (11)
 r - a wand of flame (32)
 z - a wand of charming (17)
 B - a wand of polymorph (6)
 G - a wand of iceblast (19)
 P - a wand of paralysis (6)
Scrolls
 e - 2 scrolls of noise
 h - 2 scrolls of fear
 m - a scroll of fog {unknown}
 o - a scroll of enchant armour {unknown}
 q - a scroll of magic mapping
 s - a scroll of immolation
 A - a scroll of acquirement {unknown}
 D - a scroll of amnesia {unknown}
 H - 2 scrolls of teleportation {unknown}
 J - a scroll of holy word
Potions
 c - 5 potions of curing
 f - 2 potions of haste
 g - 3 potions of flight
 i - a potion of mutation
 j - 2 potions of heal wounds
 n - 3 potions of attraction
 v - 3 potions of berserk rage
 E - a potion of lignification {unknown}
 F - 2 potions of resistance
 I - a potion of brilliance {unknown}
 M - 3 potions of might
 Q - 6 potions of cancellation {unknown}
 W - a potion of magic {unknown}


   Skills:
 + Level 9.9 Fighting
 + Level 11.0 Axes
 + Level 9.7 Armour
 - Level 6.0 Dodging
 * Level 7.7 Shields
 - Level 3.0 Evocations


You had 11 spell levels left.
You didn't know any spells.
Your spell library was empty.

Dungeon Overview and Level Annotations

Branches:
Dungeon (11/15)            Temple (1/1) D:5            Lair (0/6) D:8
    Orc (0/2) D:11

Altars:
Ashenzari
Cheibriados
Dithmenos
Elyvilon
Fedhas
Gozag
Hepliaklqana
Kikubaaqudgha
Makhleb
Nemelex Xobeh
Okawaru
Qazlal
Ru
Sif Muna
Trog
Uskayaw
Vehumet
Wu Jian
Xom
Yredelemnul
Zin
The Shining One

Shops:
D:9 *

Annotations:
D:6 2 runed translucent doors, exclusion: 2 doors, brob1's ghost, novice DjFE


Innate Abilities, Weirdness & Mutations

You are immune to sickness and miasma.
Your stone body is resilient. (AC +8)
You are immune to poison.
You resist negative energy. (rN+)
You are resistant to electric shocks. (rElec)
You are resistant to unholy torment.
You are immune to petrification.


Message History

You assume a fearsome visage.
The orc looks frightened! x2
The orc wizard looks frightened!
The orc warrior looks frightened!
The orc looks frightened! x2; The orc warrior looks frightened!
The vampire mosquito is unaffected. x2; It was a scroll of fear.
The vampire mosquito closely misses you.
The vampire mosquito bites you.
An orc comes into view. It is wielding a +0 falchion.
The orc wizard casts a spell.
The orc wizard flickers and vanishes!
Deactivating autopickup; reactivate with Ctrl-A.
The vampire mosquito bites you.
The vampire mosquito bites you but does no damage.
The orc warrior gives up.
Unknown command.
As you read the scroll labelled IDOIDOEBRA, it crumbles to dust.
The creatures around you are filled with an inner flame!
It was a scroll of immolation.
The vampire mosquito bites you but does no damage. x2
The orc starts to cry.
The vampire mosquito bites you but does no damage.
The vampire mosquito bites you!
* * * LOW HITPOINT WARNING * * *
An orc comes into view. It is wielding a +0 dagger.
As you read the scroll labelled WADYEF OGEICHU, it crumbles to dust.
You feel aware of your surroundings.
It was a scroll of magic mapping.
The vampire mosquito closely misses you. x2
The vampire mosquito bites you but does no damage.
The vampire mosquito barely misses you.
As you read the scroll labelled JUIPAPSIKET, it crumbles to dust.
You speak a Word of immense power!
The vampire mosquito convulses!
Trog accepts your kill.
The vampire mosquito convulses!
Trog accepts your kill.
It was a scroll of holy word.
The vampire mosquito explodes!
The fiery explosion engulfs you!
* * * LOW HITPOINT WARNING * * *
The vampire mosquito explodes!
The fiery explosion engulfs you!!
You die...

.# **,,.#* *,,,*#####,,,,,,,,,,
.# *,>.# *,,,* *,,,,,,,,,, .#
**..,** *,,,* *,,,,,**,,,
.####'#**+****,,,* **,,,,,**,,,
)#...#* **,,,*,,,* *,,,,,,,,,,,
)))8.# *,8,',,,* *,,,,,,,,,,,
.#...# *,,,*,,,* *,,,,,,,,,,,
###########'##########+#######***
...........oo...@§§...........,,,
.#...........o..§§§..>........,,,
.#....##..o.....§§§...........,,,
.#....##..oo....o###..........,,,
......##....o....###..........,,,
......)†......................,,,
##############################***


You could see 2 orc warriors and 6 orcs.

Vanquished Creatures
  A boulder beetle (D:11)
  A centaur warrior (D:7)
  2 two-headed ogres (D:8)
  3 death yaks (D:7)
  Pikel (D:8)
  A gargoyle (D:10)
  2 kobold demonologists (D:10)
  An unseen horror (D:10)
  A troll (D:8)
  A hornet (D:10)
  2 wyverns
  Sigmund (D:4)
  17 yaks
  2 steam dragons
  5 vampire mosquitoes
  An acid dragon (D:8)
  3 water moccasins
  3 orc warriors
  4 sky beasts
  An ogre (D:6)
  2 ice beasts (D:6)
  6 centaurs
  2 phantoms
  6 kobold brigands
  4 bullfrogs
  A wyvern zombie (D:9)
  A wyvern skeleton (D:6)
  14 killer bees
  7 wights (D:8)
  2 howler monkeys
  2 bullfrog zombies
  3 hounds
  8 centaur zombies
  2 gnoll shamans
  2 bullfrog skeletons (D:5)
  3 orc priests
  A jelly (D:8)
  A centaur skeleton (D:6)
  3 iguanas
  Natasha (D:4)
  12 orc wizards
  A killer bee zombie (D:8)
  2 hound zombies (D:5)
  4 howler monkey zombies
  8 gnolls
  3 adders
  A river rat (D:8)
  A shadow imp (D:7)
  An adder skeleton (D:4)
  6 worms
  3 dart slugs
  40 orcs
  4 ball pythons
  6 bats
  8 endoplasms
  2 giant cockroaches
  7 goblins
  10 hobgoblins
  5 jackals (D:1)
  33 kobolds
  5 quokkas
  7 frilled lizards
  5 rats
298 creatures vanquished.

Vanquished Creatures (others)
  A wyvern (D:9)
  A human (D:11)
  A centaur zombie (D:9)
  2 kobolds (D:8)
5 creatures vanquished.

Grand Total: 303 creatures vanquished

Notes
Turn   | Place    | Note
-------+----------+-------------------------------------------
     0 | D:1      | KamiKatze the Gargoyle Berserker began the quest for the
                  | Orb.
     0 | D:1      | Reached XP level 1. HP: 14/14 MP: 1/1
   231 | D:1      | Reached XP level 2. HP: 18/19 MP: 2/2
   238 | D:1      | Reached skill level 3 in Axes
   325 | D:1      | Reached XP level 3. HP: 11/23 MP: 3/3
  1037 | D:2      | Reached ** piety under Trog
  1114 | D:2      | Found a shadowy altar of Dithmenos.
  1242 | D:2      | Reached XP level 4. HP: 29/29 MP: 4/4
  1366 | D:2      | Reached XP level 5. HP: 33/33 MP: 5/5
  1388 | D:2      | Reached skill level 4 in Axes
  1430 | D:2      | Found a faded altar of an unknown god.
  2465 | D:3      | Reached XP level 6. HP: 24/38 MP: 6/6
  2740 | D:3      | Reached *** piety under Trog
  3165 | D:4      | Noticed Sigmund
  3194 | D:4      | Killed Sigmund
  3195 | D:4      | Reached skill level 1 in Evocations
  3195 | D:4      | Reached XP level 7. HP: 44/44 MP: 7/7
  3539 | D:4      | Noticed Natasha
  3554 | D:4      | Killed Natasha
  3972 | D:4      | Reached skill level 5 in Axes
  4384 | D:5      | Entered Level 5 of the Dungeon
  4444 | D:5      | Found a staircase to the Ecumenical Temple.
  4707 | D:4      | Reached skill level 5 in Fighting
  5038 | D:5      | Reached XP level 8. HP: 44/49 MP: 8/8
  5161 | Temple   | Entered the Ecumenical Temple
  5846 | D:6      | Reached skill level 5 in Armour
  5930 | D:6      | Reached skill level 6 in Axes
  6289 | D:6      | Reached XP level 9. HP: 25/55 MP: 9/9
  6399 | D:6      | Reached **** piety under Trog
  6611 | D:6      | Found a large runed translucent door.
  6612 | D:6      | Found a large runed translucent door.
  6615 | D:6      | Noticed brob1's ghost (novice DjFE)
  6711 | D:6      | Reached skill level 7 in Axes
  8141 | D:8      | Noticed a death yak
  8145 | D:8      | Noticed a death yak
  8145 | D:8      | Noticed a death yak
  8395 | D:8      | Found a radiant altar of Vehumet.
  8419 | D:8      | Noticed a two-headed ogre
  8424 | D:8      | Noticed a two-headed ogre
  8443 | D:8      | Killed a two-headed ogre
  8444 | D:8      | Reached skill level 8 in Axes
  8444 | D:8      | Reached skill level 5 in Dodging
  8444 | D:8      | Reached XP level 10. HP: 63/63 MP: 10/10
  8452 | D:8      | Killed a two-headed ogre
  8607 | D:8      | Found a staircase to the Lair.
  8659 | D:8      | Noticed a centaur warrior
  8694 | D:7      | Killed a centaur warrior
  8695 | D:7      | Reached skill level 9 in Axes
  9151 | D:7      | HP: 1/96 [vampire mosquito (8)]
  9715 | D:8      | Reached skill level 1 in Shields
 10202 | D:7      | Killed a death yak
 10203 | D:7      | Reached XP level 11. HP: 69/69 MP: 11/11
 10286 | D:7      | Killed a death yak
 10289 | D:7      | Reached skill level 10 in Axes
 10522 | D:7      | Killed a death yak
 10746 | D:8      | Noticed Pikel
 10776 | D:8      | Killed Pikel
 11224 | D:8      | Identified the +6 dagger "Osuhip" {vamp, Int+7}
 11631 | D:9      | Reached skill level 5 in Shields
 12044 | D:9      | Found a bloodstained altar of Trog.
 12069 | D:9      | Found Kiheohea's Neck Hole.
 12178 | D:9      | Found a shimmering altar of Xom.
 12583 | D:9      | Found a sparkling altar of Nemelex Xobeh.
 12689 | D:10     | Entered Level 10 of the Dungeon
 12980 | D:10     | Reached ***** piety under Trog
 13042 | D:10     | Reached XP level 12. HP: 76/76 MP: 12/12
 13861 | D:11     | Noticed a death yak
 13861 | D:11     | Noticed a death yak
 13861 | D:11     | Noticed a death yak
 13864 | D:11     | Noticed a death yak
 14290 | D:11     | Noticed a boulder beetle
 14318 | D:11     | Killed a boulder beetle
 14593 | D:11     | Found a staircase to the Orcish Mines.
 14683 | D:11     | Reached skill level 11 in Axes
 14737 | D:11     | Killed by an exploding vampire mosquito... ignited by their
                  | inner flame

Illustrated notes

Levels and vault maps discovered:
D:1:      co_arrival_random_square_maze, layout_loops_ring,
          minmay_misc_feat_columns, minivault_4, minmay_misc_feat_more_columns,
          minmay_indecisive_spiral
D:2:      layout_loops_ring, shapermc_ecumenical_altar_ellora, basic_altar,
          kennysheep_cluttered_room, minmay_box_of_dots
D:3:      layout_basic
D:4:      layout_loops_corners, hangedman_decor_push,
          chequers_serial_rivers_small_a, uniq_sigmund, uniq_natasha
D:5:      layout_loops_ring, minmay_temple_entry_drinking_statues,
          hangedman_decor_points, chequers_garden
D:6:      layout_loops_ring, ebering_ghost_disaster_area, minmay_fountain_box,
          lemuel_flamethrower_2
D:7:      layout_loops_ring
D:8:      minmay_ornate_pinched, layout_basic, mainiacjoe_overflow_paths,
          dpeg_lair_monsters, kennysheep_kite_vault, uniq_pikel
D:9:      layout_cave_pods, nemelex_diamond_rough_becter, lemuel_tele_altar,
          mainiacjoe_overflow_boulevard, minivault_27,
          nicolae_shop_sticking_my_neck_out
D:10:     layout_loops_corners
D:11:     slaughterhouse, layout_stronghold, hiddenorc2_lemuel
Temple:   dpeg_five_rooms_temple

Skill      XL: |  1  2  3  4  5  6  7  8  9 10 11 12 |
---------------+-------------------------------------+-----
Axes           | 3 4 5 6 8 9 10 11 | 11.0
Dodging        | 2 3 4 5 6 |  6.0
Armour         | 3 4 5 7 8 9 |  9.7
Fighting       | 4 5 6 7 8 9 |  9.9
Evocations     | 1 2 3 |  3.0
Shields        | 2 6 7 |  7.7

Action                   |  1- 3 |  4- 6 |  7- 9 | 10-12 || total
-------------------------+-------+-------+-------+-------++-------
Melee: Hand axe          |   115 |   230 |   521 |   245 ||  1111
       Whip              |       |       |    38 |       ||    38
       War axe           |       |       |       |   526 ||   526
       Mace              |       |       |       |     6 ||     6
Throw: Stone             |     2 |     5 |       |       ||     7
       Dart              |       |       |       |     2 ||     2
Invok: Berserk           |     2 |     5 |     9 |     6 ||    22
       Trog's Hand       |       |     4 |     4 |     4 ||    12
Evoke: Wand              |       |       |     2 |     2 ||     4
  Use: Scroll            |       |       |     8 |     7 ||    15
 Stab: Sleeping          |     1 |       |       |       ||     1
Armor: Animal skin       |    12 |       |       |       ||    12
       Ring mail         |    28 |   138 |   298 |   502 ||   966
Dodge: Dodged            |    77 |   126 |   345 |   562 ||  1110
